 Dungeon Crawl Stone Soup version 0.19-a0-1568-gdd01aac (webtiles) character file.

221 Vasilisck the Covert (level 5, -4/34 HPs)
             Began as an Octopode Assassin on Sept 15, 2016.
             Slain by a wight
             ... wielding a cursed +0 mace
              (9 damage)
             ... on level 3 of the Dungeon.
             The game lasted 00:09:43 (2637 turns).

Vasilisck the Covert (Octopode Assassin)            Turns: 2637, Time: 00:09:44

Health: -4/34      AC:  7    Str: 12    XL:     5   Next: 98%
Magic:  5/5        EV: 12    Int: 18    God:
Gold:   154        SH:  0    Dex: 13    Spells: 0 memorised, 4 levels left

rFire  . . .     SeeInvis .     a - +2 dagger
rCold  . . .     Gourm    .     (no shield)
rNeg   . . .     Faith    .     (helmet restricted)
rPois  .         Spirit   .     (no amulet)
rElec  .         Dismiss  .     o - +6 ring of protection
rCorr  .         Reflect  .     (no ring)
MR     .....     Harm     .     (no ring)
Stlth  +++++.....               (no ring)
                                (no ring)
                                (no ring)
                                (no ring)
                                (no ring)

@: brilliant, drained
A: almost no armour, stealthy swim, amphibious, 8 rings, constrict 8, camouflage
1, gelatinous body 1
a: no special abilities


You were on level 3 of the Dungeon.
You were not hungry.

You visited 1 branch of the dungeon, and saw 3 of its levels.

You collected 154 gold pieces.

Inventory:

Hand Weapons
 a - a +2 dagger (weapon)
 b - a +0 blowgun
Missiles
 c - 8 poisoned needles (quivered)
 d - 2 curare-tipped needles
 k - 2 needles of sleeping
Jewellery
 o - a +6 ring of protection (left tentacle)
Scrolls
 e - a scroll of immolation {unknown}
 m - a scroll of recharging {unknown}
 n - a scroll of remove curse {unknown}
 q - a scroll of identify {unknown}
Potions
 i - a potion of cure mutation
 p - a potion of degeneration {unknown}
 r - a potion of haste {unknown}
Comestibles
 f - 2 bread rations
 g - a beef jerky
 h - a meat ration
 l - 2 fruits


   Skills:
 - Level 2.0(1.0) Fighting
 - Level 2.0(1.0) Short Blades
 - Level 2.0(1.0) Throwing
 - Level 1.0(0.0) Dodging
 + Level 9.7(8.5) Stealth


You had 4 spell levels left.
You didn't know any spells.

Dungeon Overview and Level Annotations

Branches:
Dungeon (3/15)

Altars:

Annotations:
D:3 Grinder


Innate Abilities, Weirdness & Mutations

You cannot wear most types of armour.
You are very stealthy in the water.
You are amphibious.
You can wear up to eight rings at the same time.
You can use your tentacles to constrict eight enemies at once.
Your skin changes colour to match your surroundings (Stealth+).
Your rubbery body absorbs attacks. (AC +1, EV +1)


Message History

You hit the wight but do no damage.
The wight is heavily damaged.
You constrict the wight, but do no damage.
The wight hits you with a mace!
* * * LOW HITPOINT WARNING * * *
You hit the wight but do no damage.
The wight is heavily damaged.
You constrict the wight. The wight misses you.
You hit the wight but do no damage.
The wight is heavily damaged.
You constrict the wight, but do no damage.
The wight hits you with a mace.
* * * LOW HITPOINT WARNING * * *
It was a potion of cure mutation.
It has a very clean taste.
You constrict the wight, but do no damage.
You release your grip on the wight.
It was a potion of brilliance.
You feel clever all of a sudden. The wight hits you with a mace!
You die...

.................................
##.######.#########...##.##.#####
#.# #.# #...##..#.## #.# #.#
#..)##..#..# #.######.#
#...##...#.#
#.....##.#########...##.#.#[#
#.....##..............#.#...##
#######################.##...###
#.....@z...# #.##...#..
...%.##########.# #.###....#
......# #.# #.# #..... .......##
#.# #.# ##..##
......$.#######'###.# #.>..
.........#.......##'## #####
..8......#(..........#
........)#...........#
......?..)...........#


You could see a wight.

Vanquished Creatures
  2 wights (D:3)
  6 adders
  A gnoll (D:3)
  An ooze (D:3)
  A worm (D:3)
  4 dart slugs
  3 leopard geckos
  2 orcs (D:3)
  3 giant cockroaches
  6 hobgoblins
  6 jackals (D:2)
  A quokka (D:3)
  A ball python (D:1)
  7 bats
  4 frilled lizards
  6 goblins
  4 kobolds
  2 rats
60 creatures vanquished.

Notes
Turn   | Place    | Note
-------+----------+-------------------------------------------
     0 | D:1      | Vasilisck the Octopode Assassin began the quest for the Orb.
     0 | D:1      | Reached XP level 1. HP: 14/14 MP: 1/1
   153 | D:1      | Reached XP level 2. HP: 19/19 MP: 2/2
   157 | D:1      | Reached skill level 6 in Stealth
   926 | D:2      | Reached XP level 3. HP: 14/24 MP: 3/3
  1175 | D:2      | Reached skill level 7 in Stealth
  1325 | D:2      | Reached XP level 4. HP: 29/29 MP: 4/4
  1671 | D:3      | Reached skill level 8 in Stealth
  2169 | D:3      | Reached XP level 5. HP: 34/34 MP: 5/5
  2266 | D:3      | Noticed Grinder
  2334 | D:3      | Reached skill level 9 in Stealth
  2637 | D:3      | Slain by a wight

Vault maps used:
D:1:      matt_arrival_los_fun, minmay_misc_feat_hallway
D:3:      kennysheep_big_empty_room, st_stairs_14, uniq_grinder

Skill      XL: |  1  2  3  4  5 |
---------------+----------------+-----
Stealth        | 6 7 8 9 |  9.7
Fighting       | |  2.0
Short Blades   | |  2.0
Throwing       | |  2.0
Dodging        | |  1.0

Action                   |  1- 3 |  4- 6 || total
-------------------------+-------+-------++-------
Melee: Dagger            |    45 |   100 ||   145
       Constrict         |    10 |    18 ||    28
       Tentacles         |     6 |    14 ||    20
  Use: Potion            |       |     2 ||     2
 Stab: Sleeping          |    12 |    12 ||    24
  Eat: Chunk             |     1 |     2 ||     3
       Fruit             |       |     1 ||     1
       Beef jerky        |       |     1 ||     1
Armor: Skin              |     4 |    34 ||    38
Dodge: Dodged            |    19 |    59 ||    78
